 Dungeon Crawl Stone Soup version 0.29-a0-284-gf9362112df (webtiles) character file.

Game seed: 7585677959223453602

5 cheechan the Conjurer (level 1, 0/11 HPs)
             Began as an Octopode Conjurer on Mar 30, 2022.
             Slain by a kobold
             ... wielding a +0 short sword
              (5 damage)
             ... on level 1 of the Dungeon.
             The game lasted 00:01:20 (330 turns).

cheechan the Conjurer (Octopode Conjurer)            Turns: 330, Time: 00:01:21

Health: 0/11       AC:  1    Str:  6    XL:     1   Next: 80%
Magic:  1/3        EV: 13    Int: 20    God:
Gold:   44         SH:  0    Dex: 10    Spells: 3/4 levels left

rFire   . . .      SeeInvis .   f - +0 scythe
rCold   . . .      Faith    .   (shield currently unavailable)
rNeg    . . .      Spirit   .   (helmet restricted)
rPois   .          Reflect  .   (no amulet)
rElec   .          Harm     .   (no ring)
rCorr   .          Rampage  .   (no ring)
Will    .....                   (no ring)
Stlth   +++.......              (no ring)
HPRegen 0.03/turn               (no ring)
MPRegen 0.08/turn               (no ring)
                                (no ring)
                                (no ring)

@: no status effects
A: almost no armour, amphibious, 8 rings, camouflage 1, gelatinous body 1,
(nimble swimmer 1), tentacles
a: no special abilities


You were on level 1 of the Dungeon.
You visited 1 branch of the dungeon, and saw 1 of its levels.

You collected 44 gold pieces.

Inventory:

Hand Weapons
 f - a +0 scythe (weapon)
Scrolls
 b - a scroll of fog {unknown}
 d - a scroll of teleportation {unknown}
Potions
 a - a potion of magic
 e - a potion of cancellation {unknown}


   Skills:
 + Level 2.0 Dodging
 + Level 2.7 Stealth
 + Level 2.0 Spellcasting
 + Level 4.2 Conjurations


You had 3 spell levels left.
You knew the following spells:

 Your Spells              Type           Power      Damage    Failure   Level
a - Magic Dart            Conj           76%        1d6       2%          1

Your spell library contained the following spells:

 Spells                   Type           Power      Damage    Failure   Level
 Searing Ray              Conj           38%        2d5       4%          2
 Dazzling Flash           Conj/Hex       20%        N/A       21%         3
 Fulminant Prism          Conj/Hex       5%         3d7       54%         4
 Iskenderun's Mystic Bla  Conj/Tloc      10%        2d4       54%         4


Dungeon Overview and Level Annotations

Branches:
Dungeon (1/15)

Altars:


Innate Abilities, Weirdness & Mutations

You cannot wear most types of armour.
You are amphibious.
You can wear up to eight rings at the same time.
Your skin changes colour to match your surroundings (Stealth+).
Your rubbery body absorbs attacks. (AC +1, EV +1)
((You are camouflaged when in or above water. (Stealth+)))
You have tentacles for arms and can constrict up to eight enemies at once.


Message History

A kobold comes into view. It is wielding a +0 short sword.
Casting: Magic Dart (safe; 2% risk of failure)
Confirm with . or Enter, or press ? or * to list all spells.
Aiming: Magic Dart (safe; 2% risk of failure)
Press: ? - help, Shift-Dir - straight line, f - kobold
Aim: a kobold, wielding a +0 short sword and quivering stones (asleep, 100% to hit)
The magic dart hits the kobold.
The kobold is moderately wounded.
The kobold shouts!
The kobold throws a stone.
The stone closely misses you.
A ball python comes into view.
Reach: f) +0 scythe
Press: ? - help, Dir - move target, f - ball python, p - kobold
Aim: a ball python (about 68% to evade your +0 scythe)
You reach to attack!
You barely miss the ball python. The ball python bites you.
The ball python misses you.
A hobgoblin comes into view.
Unknown command.
Reach: f) +0 scythe
Press: ? - help, Dir - move target, f/p - ball python
Aim: a ball python (about 68% to evade your +0 scythe)
The hobgoblin shouts!
You slash the ball python!
You kill the ball python!
The kobold barely misses you.
The kobold hits you with a +0 short sword.
Reach: f) +0 scythe
Press: ? - help, Dir - move target, f - kobold
Aim: a kobold, wielding a +0 short sword and quivering stones (moderately wounded, about 74% to evade your +0 scythe)
You miss the kobold. Your grab misses the kobold.
Your squeeze misses the kobold.
The kobold is moderately wounded.
The kobold barely misses you. The kobold completely misses you.
Reach: f) +0 scythe
Press: ? - help, Dir - move target, f/p - kobold
Aim: a kobold, wielding a +0 short sword and quivering stones (about 74% to evade your +0 scythe)
You barely miss the kobold. You grab the kobold. You constrict the kobold.
The kobold misses you.
The kobold hits you with a +0 short sword.
You die...

......... #.....#....
.........###.....#.#..
.>.......'............
........######....#.#
................###..
..#.............###.)
##.. #..................
.....#............#.##..
.....g†@.........##†#...
....##K..####.......#...
. +....# #.#....###..
###..# ...#.#.#. +..
....... #.#.#. #..
#...... #.#.#.###.
...... .#+#.....
...#.... .........
.........


You could see a hobgoblin and a kobold.

Vanquished Creatures
  An endoplasm (D:1)
  A goblin (D:1)
  A ball python (D:1)
  A kobold (D:1)
  2 rats (D:1)
6 creatures vanquished.

Notes
Turn   | Place    | Note
-------+----------+-------------------------------------------
     0 | D:1      | cheechan the Octopode Conjurer began the quest for the Orb.
     0 | D:1      | Reached XP level 1. HP: 11/11 MP: 3/3
   330 | D:1      | Slain by a kobold

Illustrated notes

Levels and vault maps discovered:
D:1:      amcnicky_arrival_single_pillar, layout_basic,
          hellmonk_ecumenical_altar_crossroads

Action                   || total
-------------------------++-------
Melee: Scythe            ||     6
       Constrict         ||     2
       Unarmed           ||     1
       Tentacles         ||     1
 Cast: Magic Dart        ||     9
Armor: Skin              ||     2
Dodge: Dodged            ||     7

Table legend: (Time is in decaauts)
 A = Elapsed time spent in this place.
 B = Non-inter-level travel time spent in this place.
 C = Inter-level travel time spent in this place.
 D = Time resting spent in this place.
 E = Time spent auto-exploring this place.
 F = Levels seen in this place.
 G = Mean time per level.
                   A        B        C        D        E       F      G
               +--------+--------+--------+--------+--------+-----+--------+
         Total |    334 |    334 |      0 |      0 |      0 |   1 |  334.0 |
       Dungeon |    334 |    334 |      0 |      0 |      0 |   1 |  334.0 |
               +--------+--------+--------+--------+--------+-----+--------+

Top non-repeatable levels by time:
     D:1: 334 daAuts
